 Dungeon Crawl Stone Soup version 0.28-a0-1555-g9ae15a6949 (webtiles) character file.

Game seed: 3789802995747247299

90841 oldriver the Fighter (level 15, -28/157 HPs)
             Began as a Troll Monk on Jan 18, 2022.
             Was the Champion of Cheibriados.
             Killed from afar by Nikola (57 damage)
             ... with an arc of chain lightning
             ... on level 1 of the Snake Pit.
             The game lasted 01:28:40 (29229 turns).

oldriver the Fighter (Troll Monk)                  Turns: 29229, Time: 01:28:41

Health: -28/157    AC: 14    Str: 40    XL:     15   Next: 53%
Magic:  17/19      EV: 18    Int: 21    God:    Cheibriados [******]
Gold:   422        SH: 18    Dex: 27    Spells: 14/14 levels left

rFire   + . .      SeeInvis +   E - +2 whip (elec)
rCold   + . .      Faith    .   o - +0 kite shield
rNeg    . . .      Spirit   .   M - +0 acid dragon scales of the Big Bang {+Blink rPois rCorr Dex-4 SInv}
rPois   +          Reflect  +   v - +2 hat
rElec   +          Harm     .   t - +2 cloak {Will+}
rCorr   +          Rampage  .   (gloves unavailable)
Will    ++...                   (boots unavailable)
Stlth   ++........              y - amulet of reflection
HPRegen 1.16/turn               i - ring of protection from cold
MPRegen 0.16/turn               U - ring "Cithatoz" {rElec rF+}

@: studying Shields, very slow
A: large, unfitting armour, claws 3, regeneration 1, shaggy fur 1, tough skin 1
a: Renounce Religion, Evoke Blink, Bend Time, Temporal Distortion, Slouch, Step
From Time


You were on level 1 of the Snake Pit.
You worshipped Cheibriados.
Cheibriados was exalted by your worship.
You visited 4 branches of the dungeon, and saw 24 of its levels.
You also visited: Ossuary.

You collected 2698 gold pieces.
You spent 2276 gold pieces at shops.

Inventory:

Hand Weapons
 x - a +1 giant club of flaming
 E - a +2 whip of electrocution (weapon)
Missiles
 l - 10 curare-tipped darts (quivered)
 s - 38 poisoned darts
 F - 3 silver boomerangs
 S - 12 boomerangs
 X - 4 atropa-tipped darts
Armour
 o - a +0 kite shield (worn)
 t - a +2 cloak of willpower (worn)
 v - a +2 hat (worn)
 A - +2 swamp dragon scales
 M - the +0 acid dragon scales of the Big Bang (worn) {+Blink rPois rCorr Dex-4 SInv}
   (You bought it in a shop on level 2 of the Orcish Mines)

   Dex:       It affects your dexterity (-4).
   rPois:     It protects you from poison.
   SInv:      It lets you see invisible.
   +Blink:    It lets you blink.
   rCorr:     It protects you from acid and corrosion.
Jewellery
 i - a ring of protection from cold (left claw)
 k - a ring of protection from cold
 w - an amulet of faith
 y - an amulet of reflection (around neck)
 U - the ring "Cithatoz" (right claw) {rElec rF+}
   (You bought it in a shop on level 2 of the Orcish Mines)

   [ring of protection from fire]

   rF:        It protects you from fire.
   rElec:     It insulates you from electricity.
Wands
 e - a wand of iceblast (29)
 r - a wand of mindburst (10)
 B - a wand of digging (8)
 D - a wand of paralysis (7)
 J - a wand of polymorph (5)
 P - a wand of acid (2)
 V - a wand of flame (21)
Scrolls
 a - 3 scrolls of immolation
 b - 10 scrolls of teleportation
 f - 2 scrolls of silence
 q - 3 scrolls of fear
 u - a scroll of summoning
 C - 5 scrolls of fog
 N - a scroll of holy word
 Q - a scroll of magic mapping
Potions
 d - 2 potions of cancellation
 g - 5 potions of mutation
 h - 2 potions of resistance
 j - 2 potions of heal wounds
 m - a potion of magic
 n - 4 potions of lignification
 p - 2 potions of curing
 I - 2 potions of brilliance
 L - 2 potions of ambrosia
 T - 4 potions of might
 Z - a potion of invisibility
Miscellaneous
 O - a phantom mirror


   Skills:
 + Level 12.3 Fighting
 + Level 11.5 Maces & Flails
 - Level 3.0 Throwing
 - Level 6.0 Armour
 - Level 11.0 Dodging
 - Level 1.0 Stealth
 + Level 9.2 Shields
 - Level 5.0 Unarmed Combat
 - Level 7.2 Invocations
 - Level 7.0 Evocations


You had 14 spell levels left.
You didn't know any spells.
Your spell library contained the following spells:

 Spells                   Type           Power      Damage    Failure   Level
 Slow                     Hex            0%         N/A       36%         1
 Ensorcelled Hibernation  Hex/Ice        0%         N/A       50%         2
 Passwall                 Tmut/Erth      0%         N/A       50%         2
 Static Discharge         Conj/Air       0%         N/A       50%         2
 Confusing Touch          Hex            0%         N/A       75%         3
 Gell's Gravitas          Tloc           0%         N/A       75%         3
 Lesser Beckoning         Tloc           0%         N/A       75%         3
 Swiftness                Air            0%         N/A       75%         3
 Teleport Other           Tloc           0%         N/A       75%         3
 Vampiric Draining        Necr           0%         2d6       75%         3
 Airstrike                Air            0%         N/A       98%         4
 Passage of Golubria      Tloc           0%         N/A       98%         4
 Lightning Bolt           Conj/Air       0%         1d11      100%        5
 Silence                  Hex/Air        0%         N/A       100%        5
 Lehudib's Crystal Spear  Conj/Erth      0%         10d2      100%        8
 Maxwell's Capacitive Co  Air            0%         ∞         100%        8


Dungeon Overview and Level Annotations

Branches:
Dungeon (15/15)            Temple (0/1) D:7            Lair (6/6) D:8
  Swamp (0/4) Lair:4        Snake (1/4) Lair:4        Slime (0/5) Lair:5
    Orc (2/2) D:9             Elf (0/3) Orc:2        Vaults (0/5) D:14
 Depths (0/4) D:15        Ossuary (visited)

Altars:
Ashenzari
Cheibriados
Dithmenos
Fedhas
Gozag
Hepliaklqana
Kikubaaqudgha
Trog
Uskayaw
Vehumet
Wu Jian
Zin
The Shining One
Beogh
Jiyva

Shops:
D:2 :   D:13 [   Orc:2 [(*[*

Annotations:
D:11 3 runed translucent doors, gimp's ghost, journeyman MiGl
Lair:5 2 transporters
Lair:6 3 runed translucent doors, Viul's ghost, journeyman DgCj
Snake:1 Nikola


Innate Abilities, Weirdness & Mutations

You are too large for most types of armour.
You have claws for hands.
Your natural rate of healing is unusually fast.
You are covered in fur. (AC +1)
You have tough skin. (AC +1)


Message History

You whack Nikola!
Nikola is lightly wounded.
Nikola says, "There's a spark of magic in your eyes."
You block Nikola's attack.
You whack Nikola!
Nikola is lightly wounded.
Nikola gestures wildly while chanting.
Lightning arcs from Nikola's hands!
The bolt of lightning hits you!!! You resist.
A bolt of lightning appears from out of thin air!
The bolt of lightning hits Nikola!
You hear a shout! x2
You whack Nikola!
Nikola is moderately wounded.
You whack Nikola!
Nikola is moderately wounded.
Nikola hits you with a +4 rapier of electrocution.
You whack Nikola! Lightning courses through Nikola!
Nikola is heavily wounded.
You block Nikola's attack.
You whack Nikola!
Nikola is heavily wounded.
You hit Nikola. Lightning courses through Nikola!!
Nikola is severely wounded.
Nikola hits you with a +4 rapier of electrocution.
You closely miss Nikola.
Nikola is severely wounded.
Nikola gestures wildly while chanting.
Lightning arcs from Nikola's hands!
The bolt of lightning hits you!! You resist.
* * * LOW HITPOINT WARNING * * *
A bolt of lightning appears from out of thin air!
The bolt of lightning hits Nikola!
You hear an angry hiss. x2; You hear a shout!
You feel much better.
A mana viper comes into view.
Nikola casts a spell.
Lightning arcs from Nikola's hands!
The bolt of lightning hits you!!! You resist.
You die...

..S# . ...
.. ... #.
#.. .. #.#
.#.#(##.####
.....(.....#
.(((.(.@@#
##.((#####
((. #


You could see Nikola and a mana viper.

Vanquished Creatures
  Rupert (Lair:3)
  A very ugly thing (D:14)
  Nessos (D:14)
  The ghost of Clumpoid the Slinger, a journeyman TrMo of Dithmenos (Orc:2)
  Josephine (D:12)
  A great orb of eyes (D:14)
  A naga warrior (Lair:4)
  4 boulder beetles
  9 hydras
  Erolcha (Orc:2)
  A rakshasa (D:15)
  A centaur warrior (D:13)
  2 death knights (D:14)
  6 two-headed ogres
  A tengu warrior (D:14)
  Urug (D:13)
  4 orc high priests (Orc:2)
  3 skeletal warriors (D:14)
  A fire crab (Lair:2)
  2 swamp dragons
  2 phantasmal warriors (D:14)
  3 deep elf pyromancers
  5 orc knights
  6 orc sorcerers (Orc:2)
  7 ugly things
  4 manticores
  4 cyclopes
  13 elephants
  3 naga magi
  2 torpor snails (Lair:6)
  5 black mambas
  5 cane toads
  An eye of devastation (Lair:5)
  A gargoyle (D:10)
  A kobold demonologist (D:13)
  Maggie (D:7)
  2 rime drakes
  5 komodo dragons
  3 tengu conjurers
  2 efreet (D:14)
  9 trolls
  A polar bear (Lair:6)
  7 hornets
  12 blink frogs
  10 slime creatures
  6 dream sheep (Lair:1)
  8 wraiths
  13 spriggans
  16 humans
  58 yaks
  2 basilisks
  A fire bat (shapeshifter) (D:15)
  5 vampire mosquitoes
  A steam dragon (D:8)
  2 nagas
  3 wargs (Orc:2)
  3 swamp worms (D:10)
  2 acid dragons
  13 water moccasins
  A floating eye (Lair:5)
  An ice beast (shapeshifter) (D:14)
  An ice beast (D:7)
  2 swamp drakes (Lair:2)
  27 orc warriors
  9 black bears
  10 ogres
  20 wolves
  9 boggarts
  9 centaurs
  4 kobold brigands
  An elf zombie (Ossuary)
  10 bullfrogs
  2 gnoll sergeants
  A scorpion (D:8)
  11 killer bees
  2 electric eels
  13 wights
  A jelly (D:6)
  5 howler monkeys
  4 centaur zombies
  26 orc priests
  A gnoll shaman (D:6)
  3 hounds
  A centaur skeleton (D:4)
  3 iguanas
  30 orc wizards
  A killer bee zombie (D:8)
  2 hound zombies (Ossuary)
  3 mummies (Ossuary)
  A howler monkey zombie (D:10)
  22 gnolls
  5 adders
  A white imp (D:7)
  6 adder zombies (Ossuary)
  4 worms
  2 dart slugs
  104 orcs
  6 bats
  9 endoplasms
  2 giant cockroaches
  3 gnoll zombies (Ossuary)
  28 hobgoblins
  3 jackals (D:2)
  31 kobolds
  5 quokkas
  5 ball pythons
  5 frilled lizards
  35 goblins
  A goblin zombie (Ossuary)
  4 hobgoblin zombies (Ossuary)
  7 kobold zombies (Ossuary)
  2 orc zombies (Ossuary)
  2 quokka zombies
  5 rats
  7 rat zombies (Ossuary)
  4 briar patches (D:10)
812 creatures vanquished.

Vanquished Creatures (others)
  A kobold brigand (D:11)
  2 orcs
  A kobold (D:11)
  A rat zombie (D:4)
  A briar patch (D:10)
  A bush (Lair:5)
  76 fungi
  117 plants
200 creatures vanquished.

Grand Total: 1012 creatures vanquished

Notes
Turn   | Place    | Note
-------+----------+-------------------------------------------
     0 | D:1      | oldriver the Troll Monk began the quest for the Orb.
     0 | D:1      | Reached XP level 1. HP: 22/22 MP: 0/0
   118 | D:1      | Reached XP level 2. HP: 29/29 MP: 1/1
   809 | D:2      | Reached XP level 3. HP: 36/36 MP: 2/2
  1100 | D:2      | Reached skill level 3 in Fighting
  1138 | D:2      | Found a faded altar of an unknown god.
  1153 | D:2      | Found Heusur's Book Shop.
  1660 | D:3      | Reached XP level 4. HP: 45/45 MP: 3/3
  2027 | D:3      | Found a faded altar of an unknown god.
  2031 | D:3      | Found a snail-covered altar of Cheibriados.
  2480 | D:4      | Found a sand-covered staircase.
  2510 | D:4      | Reached XP level 5. HP: 34/53 MP: 4/4
  2547 | Ossuary  | Entered an ossuary
  2738 | Ossuary  | Reached skill level 4 in Fighting
  2738 | Ossuary  | Reached XP level 6. HP: 61/62 MP: 5/5
  2888 | Ossuary  | Reached skill level 5 in Unarmed Combat
  2937 | D:4      | Found an ancient bone altar of Kikubaaqudgha.
  3311 | D:4      | Noticed a water moccasin
  3316 | D:4      | Killed a water moccasin
  3317 | D:4      | Reached XP level 7. HP: 71/71 MP: 6/6
  3632 | D:4      | Found a glowing silver altar of Zin.
  3633 | D:4      | Found a radiant altar of Vehumet.
  3633 | D:4      | Found a broken altar of Ashenzari.
  3634 | D:4      | Found an ornate altar of the Wu Jian Council.
  3817 | D:3      | Became a worshipper of Cheibriados the Contemplative
  3817 | D:3      | Reached * piety under Cheibriados
  3817 | D:3      | Reached ** piety under Cheibriados
  3845 | D:5      | Entered Level 5 of the Dungeon
  4027 | D:5      | Reached skill level 5 in Fighting
  4286 | D:5      | Reached skill level 5 in Dodging
  5185 | D:6      | Reached XP level 8. HP: 77/83 MP: 7/7
  5359 | D:6      | Found a bloodstained altar of Trog.
  5374 | D:6      | Reached skill level 1 in Maces & Flails
  5374 | D:6      | Reached skill level 1 in Invocations
  5417 | D:6      | Reached skill level 1 in Evocations
  5975 | D:6      | Reached *** piety under Cheibriados
  6004 | D:6      | Reached skill level 6 in Fighting
  6116 | D:6      | Reached **** piety under Cheibriados
  6820 | D:7      | Reached XP level 9. HP: 89/89 MP: 10/10
  6827 | D:7      | Noticed Maggie
  7008 | D:7      | Found a staircase to the Ecumenical Temple.
  7102 | D:7      | Found a hide-covered altar of Uskayaw.
  7131 | D:7      | Killed Maggie
  7353 | D:7      | Found a blossoming altar of Fedhas.
  7381 | D:7      | Found an opulent altar of Gozag.
  7598 | D:8      | Reached skill level 7 in Fighting
  7615 | D:8      | Found a glowing golden altar of the Shining One.
  7630 | D:8      | Reached ***** piety under Cheibriados
  7637 | D:8      | Reached XP level 10. HP: 84/102 MP: 12/12
  7828 | D:8      | Reached skill level 5 in Maces & Flails
  7828 | D:8      | Reached skill level 5 in Invocations
  7958 | D:8      | Found a staircase to the Lair.
  8723 | D:9      | Found a staircase to the Orcish Mines.
  8768 | D:9      | Reached ****** piety under Cheibriados
  8979 | D:9      | Reached skill level 8 in Fighting
  9084 | D:9      | Found a shadowy altar of Dithmenos.
  9084 | D:9      | Found a hazy altar of Hepliaklqana.
  9304 | D:9      | Reached skill level 1 in Armour
  9304 | D:9      | Reached skill level 1 in Shields
  9429 | D:9      | Noticed a two-headed ogre
  9436 | D:9      | Killed a two-headed ogre
  9723 | Lair:1   | Entered Level 1 of the Lair of Beasts
  9937 | Lair:1   | Reached XP level 11. HP: 113/113 MP: 13/13
 10893 | Lair:2   | You fall into a shaft and drop 2 floors!
 10933 | Lair:4   | Noticed a four-headed hydra
 10950 | Lair:4   | Killed a four-headed hydra
 11252 | Lair:2   | Noticed a six-headed hydra
 11433 | Lair:2   | Noticed a five-headed hydra
 11445 | Lair:2   | Killed a five-headed hydra
 11577 | Lair:2   | Noticed an eight-headed hydra
 11589 | Lair:2   | Killed an eight-headed hydra
 11590 | Lair:2   | Reached skill level 9 in Fighting
 12003 | Lair:2   | Noticed a fire crab
 12012 | Lair:2   | Reached XP level 12. HP: 123/123 MP: 15/15
 12147 | Lair:2   | Killed a six-headed hydra
 12711 | Lair:3   | Noticed a four-headed hydra
 13148 | Lair:3   | Noticed Rupert
 13179 | Lair:3   | Killed Rupert
 13300 | Lair:3   | Killed a four-headed hydra
 13720 | Lair:4   | Found a staircase to the Snake Pit.
 13955 | Lair:4   | Found a staircase to the Swamp.
 14706 | Lair:5   | Noticed a four-headed hydra
 14718 | Lair:5   | Killed a four-headed hydra
 14719 | Lair:5   | Reached skill level 5 in Armour
 14895 | Lair:5   | Noticed an eight-headed hydra
 14911 | Lair:5   | Killed an eight-headed hydra
 14912 | Lair:5   | Reached skill level 5 in Shields
 15379 | Lair:5   | Reached XP level 13. HP: 110/132 MP: 15/17
 15694 | Lair:5   | Found a staircase to the Slime Pits.
 15838 | Lair:5   | Found a transporter.
 15840 | Lair:5   | Found a transporter.
 16245 | Lair:6   | Entered Level 6 of the Lair of Beasts
 16302 | Lair:6   | Got the Incunabulum of Dark Magic and Feathers
 16341 | Lair:5   | Reached skill level 5 in Evocations
 16431 | Lair:6   | Reached skill level 10 in Fighting
 16652 | Lair:6   | Paralysed by a hornet for 1 turns
 16662 | Lair:5   | Reached skill level 10 in Dodging
 17391 | Lair:6   | Found a runed translucent gate.
 17392 | Lair:6   | Found a runed translucent gate.
 17392 | Lair:6   | Noticed an azure jelly
 17393 | Lair:6   | Found a runed translucent gate.
 17394 | Lair:6   | Noticed an acid blob
 17579 | Lair:6   | Identified the +10 hunting sling of Gehenna {flame, Fly}
 17866 | Lair:6   | Noticed an azure jelly
 17866 | Lair:6   | Noticed an azure jelly
 17866 | Lair:6   | Noticed Viul's ghost (journeyman DgCj)
 17867 | Lair:6   | Noticed an azure jelly
 17868 | Lair:6   | Noticed an acid blob
 17868 | Lair:6   | Noticed an acid blob
 17870 | Lair:6   | Noticed a quicksilver ooze
 18095 | Lair:6   | Noticed an acid blob
 18115 | Lair:6   | Found a viscous altar of Jiyva.
 18270 | D:10     | Entered Level 10 of the Dungeon
 18677 | D:10     | Found a transporter.
 18725 | D:10     | Found a transporter.
 18911 | D:10     | Reached skill level 11 in Fighting
 19596 | Orc:1    | Entered Level 1 of the Orcish Mines
 19643 | Orc:1    | Reached XP level 14. HP: 146/146 MP: 18/18
 19867 | Orc:2    | Entered Level 2 of the Orcish Mines
 19910 | Orc:2    | Paralysed by an orc sorcerer for 7 turns
 19996 | Orc:2    | Found a runed translucent gate.
 19997 | Orc:2    | Found a runed translucent gate.
 19997 | Orc:2    | Found an opulent altar of Gozag.
 20000 | Orc:2    | Found a runed translucent gate.
 20004 | Orc:2    | Found Afus's Assorted Antiques.
 20061 | Orc:2    | Noticed Clumpoid's ghost (journeyman TrMo)
 20303 | Orc:2    | Found a staircase to the Elven Halls.
 20802 | Orc:2    | Reached skill level 1 in Throwing
 21131 | Orc:2    | Reached skill level 10 in Maces & Flails
 21579 | Orc:2    | Found Segequne's Antique Weapon Emporium.
 21579 | Orc:2    | Found Piaf's Antique Armour Emporium.
 21580 | Orc:2    | Found Bowkom's Armour Boutique.
 21580 | Orc:2    | Found Metiapn's General Store.
 21598 | Orc:2    | Bought a scroll of acquirement for 572 gold pieces
 21599 | Orc:2    | Acquired a manual of Shields
 21614 | Orc:2    | Bought a +2 cloak of willpower for 301 gold pieces
 21635 | Orc:2    | Bought polished acid dragon scales for 945 gold pieces
 21635 | Orc:2    | Identified the +0 acid dragon scales of the Big Bang
                  | {+Blink rPois rCorr Dex-4 SInv} (You bought it in a shop on
                  | level 2 of the Orcish Mines)
 22202 | Orc:1    | Noticed Erolcha
 22313 | Orc:2    | Killed Erolcha
 22481 | Orc:2    | Killed Clumpoid's ghost
 22630 | Orc:2    | Bought a scroll labelled ZEGOCI AROA for 29 gold pieces
 22844 | D:11     | Noticed gimp's ghost (journeyman MiGl)
 22910 | D:11     | Found a runed translucent gate.
 22910 | D:11     | Found a runed translucent gate.
 22910 | D:11     | Found a runed translucent gate.
 23773 | D:12     | Noticed Josephine
 23791 | D:12     | Killed Josephine
 24922 | D:13     | Found Voaraack's Armour Emporium.
 25633 | D:14     | Noticed Nessos
 25633 | D:14     | Found a gate to the Vaults.
 25642 | D:14     | Noticed Urug
 25809 | D:13     | Killed Urug
 25873 | D:13     | Reached XP level 15. HP: 156/156 MP: 19/19
 25932 | D:14     | Killed Nessos
 26925 | D:14     | Reached skill level 12 in Fighting
 27385 | D:15     | Entered Level 15 of the Dungeon
 28254 | D:15     | Found a broken altar of Ashenzari.
 28356 | D:15     | Found a hide-covered altar of Uskayaw.
 28452 | D:15     | Found a staircase to the Depths.
 28677 | Orc:2    | Bought the ring "Cithatoz" {rElec rF+} for 429 gold pieces
 29153 | Snake:1  | Entered Level 1 of the Snake Pit
 29165 | Snake:1  | Noticed Nikola
 29229 | Snake:1  | Killed from afar by Nikola

Illustrated notes

Levels and vault maps discovered:
D:1:      mainiacjoe_arrival_reflecting_pool, layout_loops_ring, minmay_domino_4
D:2:      layout_basic, hellmonk_ecumenical_altar_arch_garden, serial_shops,
          shop_fountains
D:3:      layout_basic, nicolae_overflow_ecumenical_swirl
D:4:      nicolae_cairo_tiling_large_dashed, layout_loops_corners,
          mainiacjoe_overflow_concentric_impassable,
          chequers_temple_overflow_statue_of_worship, enter_ossuary_4
D:5:      nicolae_cairo_tiling, layout_layer_cave
D:6:      minmay_goblin_kobold_castle, layout_loops_corners,
          nicolae_overflow_crystal_walls, minmay_misc_feat_x
D:7:      layout_cave_pools, mainiacjoe_overflow_24_doors,
          mainiacjoe_overflow_two_lobes, minmay_temple_entry_mist, uniq_maggie
D:8:      layout_basic, mainiacjoe_overflow_cross_hatched,
          due_lair_maze_entry_diamond
D:9:      layout_irregular_city, riverfiend_overflow_shadow_ancestor,
          hiddenorc2_lemuel
D:10:     gammafunk_worm_tunnel, layout_basic, serial_co_window_serial,
          co_window_corner_a, co_window_paths_a, co_window_corner_a,
          co_window_cross_1, co_window_of_opportunity_a, co_window_broadway_a,
          co_window_broadway_b, co_window_paths_c, co_window_paths_c,
          co_window_unsneaky_path_c, co_window_4corner_b
D:11:     layout_basic, maelrawn_ghost_gauntlet_escape
D:12:     layout_loops_corners, uniq_josephine
D:13:     layout_irregular_city, serial_shops,
          nicolae_shop_temple_entry_statues_fountains, david_defended_altar_orc
D:14:     layout_loops_ring, david_vaults_3, minmay_misc_feat_ornament
D:15:     gammafunk_enter_depths_forms, layout_rooms,
          nicolae_uskayaw_dance_hall, nicolae_ashenzari_skybound
Lair:1:   layout_long_grid, serial_forest, infiniplex_forest_straight_4,
          infiniplex_forest_corner_1, infiniplex_forest_clump_tiny,
          infiniplex_forest_end_2, infiniplex_forest_corner_1,
          infiniplex_forest_clump_tiny
Lair:2:   layout_cave_pods, infiniplex_staircase_pool
Lair:3:   layout_chaotic_city, pond, uniq_urug, uniq_rupert
Lair:4:   wander_river, layout_cave_pods, swamp_mist,
          guppyfry_snake_entry_garden, nicolae_lair_grove_arrangements
Lair:5:   gammafunk_boulding_lane, layout_layer_cave, minmay_slime_entry_eyes,
          lemuel_fruit_tree
Lair:6:   minmay_lair_end_enchanted_forest, layout_regular_city,
          gammafunk_ghost_ooze
Snake:1:  layout_basic, serial_shops, shop, hangedman_venom_bottle,
          grunt_megastairs_2, minmay_shoptagon, uniq_nikola, uniq_louise
Orc:1:    layout_caves, uniq_erolcha
Orc:2:    st_orc_elflike, layout_diamond_mine, ebering_ghost_gozag

Skill      XL: |  1  2  3  4  5  6  7  8  9 10 11 12 13 14 15 |
---------------+----------------------------------------------+-----
Fighting       | 3 4 5 6 7 8 9 11 12 | 12.3
Dodging        | 3 4 5 6 8 9 10 11 | 11.0
Unarmed Combat | 4 5 |  5.0
Maces & Flails | 2 4 5 6 7 9 10 11 | 11.5
Invocations    | 2 4 5 6 7 |  7.2
Evocations     | 2 3 4 5 6 7 |  7.0
Armour         | 2 4 5 6 |  6.0
Shields        | 2 3 5 7 9 |  9.2
Throwing       | 3 |  3.0
Stealth        | |  1.0

Action                   |  1- 3 |  4- 6 |  7- 9 | 10-12 | 13-15 || total
-------------------------+-------+-------+-------+-------+-------++-------
Melee: Unarmed           |   130 |   215 |   300 |    21 |       ||   666
       Punch             |     1 |    10 |    15 |       |       ||    26
       Whip              |       |       |       |   752 |  2043 ||  2795
       Giant club        |       |       |       |   106 |       ||   106
Throw: Boomerang         |       |       |       |     5 |   114 ||   119
       Dart              |       |       |       |       |    22 ||    22
       Large rock        |       |       |       |       |    96 ||    96
Invok: Bend Time         |       |       |       |    11 |    16 ||    27
       Temporal Distorti |       |       |       |     3 |       ||     3
       Slouch            |       |       |       |       |     2 ||     2
 Abil: Evoke Blink       |       |       |       |       |     1 ||     1
Evoke: Wand              |       |     2 |     5 |    36 |    16 ||    59
       Phantom mirror    |       |       |       |     1 |     1 ||     2
  Use: Scroll            |       |     4 |     8 |    13 |    17 ||    42
       Potion            |       |       |       |     7 |     6 ||    13
 Stab: Sleeping          |     4 |     2 |     4 |     3 |     2 ||    15
       Distracted        |       |       |     1 |     1 |     1 ||     3
Armor: Robe              |    50 |    66 |    84 |       |       ||   200
       Acid dragon scale |       |       |    32 |    81 |   121 ||   234
       Troll leather arm |       |       |       |    60 |       ||    60
       Swamp dragon scal |       |       |       |    75 |   182 ||   257
Dodge: Dodged            |    58 |    85 |   321 |   566 |   946 ||  1976
Block: Other             |       |       |    54 |    42 |       ||    96
       Reflection        |       |       |     3 |     9 |    43 ||    55
       Kite shield       |       |       |       |   746 |  1760 ||  2506

Table legend: (Time is in decaauts)
 A = Elapsed time spent in this place.
 B = Non-inter-level travel time spent in this place.
 C = Inter-level travel time spent in this place.
 D = Time resting spent in this place.
 E = Time spent auto-exploring this place.
 F = Levels seen in this place.
 G = Mean time per level.
                   A        B        C        D        E       F      G
               +--------+--------+--------+--------+--------+-----+--------+
         Total |  44766 |  40689 |   4077 |   3223 |  27596 |  25 | 1790.6 |
       Dungeon |  25324 |  23158 |   2166 |   1533 |  16510 |  15 | 1688.3 |
          Lair |  14152 |  12771 |   1381 |   1094 |   8770 |   6 | 2358.7 |
     Snake Pit |     41 |     41 |      0 |      2 |      0 |   1 |   41.0 |
  Orcish Mines |   4902 |   4375 |    527 |    586 |   2181 |   2 | 2451.0 |
       Ossuary |    345 |    345 |      0 |      8 |    135 |   1 |  345.0 |
               +--------+--------+--------+--------+--------+-----+--------+

Top non-repeatable levels by time:
   Orc:2: 3947 daAuts
    D:10: 2852 daAuts
  Lair:4: 2719 daAuts
  Lair:2: 2672 daAuts
  Lair:6: 2589 daAuts
  Lair:5: 2457 daAuts
    D:14: 2402 daAuts
     D:6: 2269 daAuts
     D:9: 2221 daAuts
     D:8: 2215 daAuts
  Lair:1: 2140 daAuts
    D:13: 1963 daAuts
    D:12: 1934 daAuts
     D:5: 1865 daAuts
    D:11: 1653 daAuts
